 Dungeon Crawl Stone Soup version 0.20-b1 (webtiles) character file.

22 miragecloak the Ruffian (level 2, -10/23 HPs)
             Began as a Draconian Transmuter on May 18, 2017.
             Mangled by Sigmund
             ... wielding a +0 scythe
              (16 damage)
             ... on level 2 of the Dungeon.
             The game lasted 00:00:34 (842 turns).

miragecloak the Ruffian (Draconian Transmuter)       Turns: 842, Time: 00:00:34

Health: -10/23     AC:  4    Str: 12    XL:     2   Next: 68%
Magic:  2/5        EV: 12    Int: 13    God:
Gold:   37         SH:  0    Dex: 11    Spells: 4/5 levels left

rFire    . . .     SeeInvis .     - Unarmed
rCold    . . .     Gourm    .   (no shield)
rNeg     . . .     Faith    .   (armour unavailable)
rPois    .         Spirit   .   (helmet restricted)
rElec    .         Reflect  .   (no cloak)
rCorr    .         Harm     .   (no gloves)
MR       .....                  (no boots)
Stlth    +.........             (no amulet)
Regen    0.1/turn               (no ring)
MPRegen  0.1/turn               (no ring)

@: appendage, very slightly contaminated
A: unfitting armour, horns 2, cold-blooded, AC +4
a: End Transformation


You were on level 2 of the Dungeon.
You were not hungry.
You had grown temporary horns.
You visited 1 branch of the dungeon, and saw 2 of its levels.

You collected 37 gold pieces.

Inventory:

Missiles
 a - 39 arrows
Jewellery
 j - an uncursed ring of resist corrosion {unknown}
Scrolls
 h - a scroll of identify {unknown}
 i - a scroll of remove curse {unknown}
 k - a scroll of enchant armour {unknown}
Potions
 e - a potion of might {unknown}
 f - a potion of ambrosia {unknown}
 g - a potion of flight {unknown}
 l - a potion of lignification {unknown}
 m - a potion of curing {unknown}
Books
 b - a book of Changes

   Spells                             Type                      Level
   a - Beastly Appendage              Transmutation                1
   b - Sticks to Snakes               Transmutation                2
   c - Spider Form                    Transmutation/Poison         3
   d - Ice Form                       Ice/Transmutation            4
   e - Blade Hands                    Transmutation                5
Comestibles
 c - 2 bread rations
 d - 2 meat rations
 n - a chunk of flesh


   Skills:
 - Level 1.1 Fighting
 - Level 1.7 Dodging
 + Level 4.0 Unarmed Combat
 - Level 2.0 Spellcasting
 - Level 2.0 Transmutations


You had 4 spell levels left.
You knew the following spells:

 Your Spells              Type           Power        Failure   Level  Hunger
a - Beastly Appendage     Tmut           #.....       11%         1    ##.....


Dungeon Overview and Level Annotations

Branches:
Dungeon (2/15)

Altars:

Annotations:
D:2 Sigmund


Innate Abilities, Weirdness & Mutations

Your plain brown scales are hard. (AC +4)
You cannot fit into any form of body armour.
You are cold-blooded and may be slowed by cold attacks.
You have a pair of horns on your head.


Message History

You miscast Beastly Appendage.
You are very lightly contaminated with residual magic.
Your hands glow momentarily.
Something hits you but does no damage.
You hit something but do no damage. Something hits you!
A bat comes into view.
You miss something.
Casting: Beastly Appendage
Confirm with . or Enter, or press ? or * to list all spells.
You extend your transformation's duration.
Something hits you.
You barely miss something. Your headbutt misses something.
Your tail-slap misses something.
Something hits you!
* * * LOW HITPOINT WARNING * * *
You closely miss something. Your headbutt misses something.
You hit something but do no damage. Your headbutt misses something.
Something hits you but does no damage.
You miss something. You barely miss something. You headbutt something.
Something hits you!
Ouch! That really hurt!
You die...

#.##.# #....###
##########.##...####.
.....................
.###.#.##.#....#####
#...........#
#!#.####..#.# ...#.#
##.#)# #.# #@# #....
#. #{# ###.## . .b#
.# . ...# #...# #....
#..## #..


You could see a bat.

Vanquished Creatures
  A dart slug (D:1)
  A ball python (D:2)
  2 goblins (D:1)
  6 hobgoblins
  A bat (D:1)
  2 frilled lizards (D:1)
  2 kobolds (D:1)
  4 rats (D:1)
19 creatures vanquished.

Notes
Turn   | Place    | Note
-------+----------+-------------------------------------------
     0 | D:1      | miragecloak the Draconian Transmuter began the quest for the Orb.
     0 | D:1      | Reached XP level 1. HP: 16/16 MP: 3/3
   202 | D:1      | Reached XP level 2. HP: 18/23 MP: 3/5
   802 | D:2      | Reached skill level 4 in Unarmed Combat
   824 | D:2      | Noticed Sigmund
   842 | D:2      | Mangled by Sigmund

Skill      XL: |  1  2 |
---------------+-------+-----
Unarmed Combat | 4 |  4.0
Fighting       | |  1.1
Dodging        | |  1.7
Spellcasting   | |  2.0
Transmutations | |  2.0

Action                   || total
-------------------------++-------
Melee: Unarmed           ||    66
       Headbutt          ||     4
       Kick              ||     3
       Tailslap          ||     1
 Cast: Beastly Appendage ||    21
Armor: Skin              ||    19
Dodge: Dodged            ||    33
